[Event "Rohde op 09th"]
[Site "Sautron"]
[Date "2009.10.26"]
[Round "3"]
[White "Milanovic, Danilo"]
[Black "Meijers, Viesturs"]
[Result "0-1"]
[ECO "B00"]
[WhiteElo "2533"]
[BlackElo "2471"]
[Annotator "RR"]
[PlyCount "64"]
[EventDate "2009.10.24"]
[EventType "swiss"]
[EventRounds "9"]
[EventCountry "FRA"]
[SourceTitle "EXT 2010"]
[Source "ChessBase"]
[SourceDate "2010.11.25"]
[SourceVersion "1"]
[SourceVersionDate "2010.11.25"]
[SourceQuality "1"]
[TimeControl "6000"]
[WhiteClock "0:00:00"]
[BlackClock "0:00:34"]

1. d4 e6 2. e4 b6 {la douteuse défense OWEN} 3. Nf3 Bb7 4. Bd3 c5 5. c3 Nf6 6.
e5 (6. Qe2 Be7 7. O-O Nc6 8. a3 $14 ) 6... Nd5 7. Be4 (
7. O-O cxd4 8. cxd4 Be7 9. Nc3 $14 {Illescas Cordoba,M (2590)-Polgar,J (2630)
Linares 12th 1994 (1) 1-0}) 7... cxd4 $146 ({RR} 7... Qc8 8. c4 f5 9. Bxd5 exd5
10. cxd5 Bxd5 11. Nc3 Qc6 12. Nxd5 Qxd5 13. O-O c4 14. e6 {1/2-1/2 Godena,M 
(2425)-Rossi,C (2320)/Chianciano 1989/EXT 2000}) 8. c4 $5 Ne3 $1 9. Bxb7 $2 {
Les blancs ne vont jamais pouvoir revenir dans la partie} (9. Qxd4 $8) 9...
Bb4+ $40 10. Ke2 Nxd1 11. Bxa8 Na6 12. a3 Be7 13. Be4 Nc5 14.
Nfd2 Nxe4 {Il est trés rare de voir une partie perdue aussi rapidement а ce
niveau.} 15. Nxe4 Qa8 16. Nbd2 f5 17. exf6 gxf6 18. Rxd1 f5 19. Ng3 Qxg2 20.
Nf3 h5 21. h4 Bd6 22. Nf1 e5 23. Bg5 Kf7 24. Ne1 Qe4+ 25. Kd2 Be7 26. Nd3 Bxg5+
27. hxg5 d6 28. Re1 Qh4 29. Ng3 e4 30. g6+ Kf6 31. Nb4 Qf4+ 32. Kd1 Qf3+ 0-1